Map: Frozen Temple

Players

Miszu - Winner!

  • Race: Terran Terran
  • League: Master

Brazko

  • Race: Zerg Zerg
  • League: Master

VOD

Have the link to the VOD?

Description

Time

  • Played on: June 11, 2016, 1:26 p.m.
  • Length: 9:54
Show
View Real Time Build Order
Export as new Build Order

Miszu Terran - Winner!

Build Orders: Reaper Expand, MMM Bio 

Get SALT Encoding   

  12  0:00  SCV  
  13  0:12  SCV  
  14  0:17  Supply Depot  
  14  0:24  SCV  
  15  0:39  SCV  
  15  0:41  Barracks  
  16  0:47  Refinery  
  16  0:51  SCV  
  17  1:03  SCV  
  18  1:15  SCV  
  19  1:28  Orbital Command  
  19  1:30  Reaper  
  20  1:41  Command Center  
  20  1:52  Supply Depot  
  20  1:53  SCV  
  21  2:09  SCV  
  21  2:12  Marine  
  23  2:16  Factory  
  23  2:21  SCV  
  24  2:33  SCV  
  25  2:38  Barracks Reactor  
  25  2:45  SCV  
  25  2:46  Command Center  
  26  2:54  Orbital Command  
  26  2:57  SCV  
  27  3:09  SCV  
  28  3:19  Barracks Tech Lab, SCV  
  29  3:21  SCV  
  29  3:22  Hellion x2  
  34  3:31  SCV  
  34  3:33  SCV  
  35  3:38  Marine  
  35  3:39  Stimpack  
  36  3:43  SCV  
  36  3:45  SCV  
  38  3:52  Factory Reactor  
  38  3:53  Barracks  
  38  3:54  Barracks  
  38  3:55  SCV  
  39  3:56  Marauder  
  39  3:58  Orbital Command  
  39  4:00  Refinery, SCV  
  42  4:07  SCV  
  43  4:11  Engineering Bay  
  43  4:12  Engineering Bay  
  43  4:13  Refinery  
  43  4:14  SCV  
  43  4:15  Refinery  
  44  4:18  Marine  
  44  4:19  SCV  
  47  4:24  SCV  
  47  4:26  SCV  
  48  4:31  Supply Depot, SCV  
  48  4:36  SCV  
  50  4:38  SCV  
  50  4:40  Terran Infantry Weapons Level 1, Terran Infantry Armor Level 1  
  50  4:44  SCV  
  52  4:50  SCV  
  52  4:54  Starport  
  52  4:56  SCV  
  52  4:58  Factory Reactor  
  50  5:00  Orbital Command  
  50  5:01  Marine x4  
  50  5:02  Marine  
  50  5:05  Supply Depot  
  50  5:06  Supply Depot  
  50  5:07  SCV  
  56  5:08  SCV  
  56  5:11  Barracks  
  56  5:13  Barracks  
  57  5:19  SCV  
  57  5:20  Marine, SCV  
  57  5:21  Marine x4  
  60  5:27  SCV  
  65  5:31  SCV  
  65  5:32  SCV  
  67  5:35  Supply Depot  
  67  5:39  SCV, Combat Shields  
  68  5:43  SCV  
  68  5:44  Medivac x2, SCV, Factory Reactor  
  68  5:45  Marauder  
  68  5:46  Marine x3  
  79  5:51  Armory  
  79  5:53  SCV  
  79  5:55  SCV  
  79  5:56  Supply Depot, SCV  
  82  6:00  Barracks Reactor x2  
  82  6:01  Supply Depot  
  82  6:04  Marine  
  82  6:05  Marine, SCV  
  82  6:06  Marine x2  
  82  6:07  Marine, SCV  
  89  6:11  SCV  
  89  6:13  Medivac  
  92  6:20  Supply Depot  
  92  6:22  Marine  
  92  6:23  Marine  
  92  6:24  Supply Depot, Marine x2  
  92  6:25  Refinery, Marine  
  99  6:39  Terran Infantry Weapons Level 2  
  99  6:40  Marine x2  
  99  6:41  Terran Infantry Armor Level 2, Marine  
  99  6:42  Marine  
  99  6:43  Supply Depot, Marine x5  
  106  6:48  Supply Depot  
  99  6:58  Marine x2  
  96  7:05  Marine x6, Marauder  
  96  7:07  Medivac x2  
  103  7:16  Marine x2  
  103  7:17  Barracks x2  
  103  7:19  Barracks  
  105  7:22  Marine  
  105  7:23  Marine x5  
  105  7:24  SCV  
  105  7:25  SCV x2  
  105  7:26  Marine  
  115  7:34  Marine x2  
  117  7:40  Marine  
  117  7:41  Marine x2  
  120  7:44  Marauder  
  120  7:45  Marine x3  
  122  7:51  Marine  
  119  8:02  Marine  
  119  8:04  Marine x5  
  119  8:05  Marine  
  125  8:06  Barracks Tech Lab x3, Marauder  
  127  8:16  Marine  
  127  8:18  Medivac x2  
  127  8:19  Marine  
  130  8:23  Supply Depot  
  130  8:24  Supply Depot x2  
  130  8:25  Supply Depot, Command Center  
  130  8:26  Marauder x3  
  130  8:27  Supply Depot, Marauder  
  137  8:28  Supply Depot  
  137  8:32  Marine  
  137  8:33  Marine x5  
  145  8:34  Marine  
  145  8:37  Marine  
  145  8:40  Concussive Shells  
  147  8:47  Marauder x3  
  153  8:49  Marauder  
  153  8:50  Marine  
  153  8:51  Marine  
  153  8:52  Marine  
  153  8:55  Supply Depot  
  158  9:04  Marine, Medivac x2  
  158  9:05  Marine x4  
  158  9:08  Marauder  
  158  9:09  Marauder x2  
  173  9:10  Marauder  
  173  9:30  Marauder x2  
Show
View Real Time Build Order
Export as new Build Order

Brazko Zerg 

Build Orders: Hatch First 

Get SALT Encoding   

  12  0:01  Drone  
  13  0:12  Overlord  
  13  0:17  Drone  
  14  0:31  Drone x2  
  14  0:35  Drone  
  17  0:52  Hatchery  
  17  0:54  Drone  
  17  0:57  Drone  
  17  1:03  Extractor  
  17  1:06  Drone  
  18  1:17  Spawning Pool  
  17  1:19  Drone  
  18  1:28  Drone  
  19  2:05  Zergling x6  
  19  2:06  Overlord  
  19  2:07  Queen x2  
  26  2:08  Metabolic Boost  
  26  2:14  Drone  
  27  2:16  Drone  
  28  2:38  Drone x3  
  28  2:42  Drone  
  28  2:43  Queen x2  
  36  2:47  Overlord  
  36  2:53  Overlord  
  36  3:08  Drone x3  
  36  3:09  Drone  
  40  3:15  Drone x2  
  40  3:16  Drone  
  40  3:18  Drone x2  
  40  3:19  Drone  
  46  3:22  Drone  
  46  3:25  Drone  
  48  3:32  Drone  
  49  3:36  Drone  
  50  3:41  Hatchery  
  50  3:42  Drone  
  50  3:43  Roach Warren  
  49  3:49  Drone  
  49  3:51  Drone  
  49  3:52  Drone  
  49  3:54  Overlord x2  
  52  4:00  Extractor, Spore Crawler  
  52  4:01  Extractor  
  52  4:02  Extractor, Spore Crawler  
  48  4:03  Drone  
  48  4:05  Drone  
  48  4:06  Spine Crawler  
  48  4:08  Drone  
  49  4:14  Drone x2  
  49  4:15  Drone x2  
  53  4:25  Drone x2  
  54  4:37  Drone x3  
  54  4:38  Drone  
  58  4:47  Roach  
  58  4:49  Roach  
  58  4:51  Evolution Chamber  
  60  4:53  Evolution Chamber  
  60  4:54  Drone  
  60  4:56  Drone  
  60  4:58  Drone x2  
  64  5:00  Drone  
  64  5:02  Drone  
  64  5:04  Lair  
  64  5:05  Drone x2  
  64  5:06  Drone x2  
  69  5:12  Spore Crawler  
  69  5:13  Drone x2  
  69  5:14  Extractor  
  69  5:16  Extractor, Drone  
  69  5:21  Zerg Missile Weapons Level 1, Zerg Ground Armor Level 1  
  69  5:22  Drone x2  
  69  5:27  Drone  
  69  5:28  Drone  
  73  5:31  Overlord x2  
  73  5:39  Spine Crawler  
  72  5:51  Drone x2  
  72  5:52  Drone x6  
  72  5:54  Drone  
  72  5:55  Hatchery  
  72  5:56  Spine Crawler  
  79  6:00  Overlord x2  
  79  6:03  Roach  
  81  6:07  Infestation Pit  
  81  6:08  Drone  
  81  6:12  Roach x2  
  85  6:23  Roach x2  
  89  6:28  Roach x4  
  89  6:29  Roach x3  
  103  6:33  Overlord x2  
  103  6:37  Roach  
  98  6:48  Roach x2  
  98  6:50  Roach  
  98  6:52  Roach x2  
  94  6:58  Drone x5  
  87  7:02  Roach x2  
  87  7:03  Roach x3  
  87  7:04  Queen  
  87  7:05  Queen  
  97  7:09  Queen  
  97  7:12  Queen  
  97  7:14  Drone  
  98  7:18  Drone x2  
  98  7:19  Drone  
  98  7:20  Drone  
  98  7:21  Drone x2  
  104  7:23  Drone  
  104  7:29  Pathogen Glands  
  105  7:33  Zerg Melee Weapons Level 1  
  105  7:34  Zerg Ground Armor Level 2  
  105  7:36  Glial Reconstitution  
  105  7:43  Hive  
  103  7:52  Roach x3  
  103  7:53  Roach x4  
  103  7:57  Roach x2  
  111  7:58  Roach  
  111  8:00  Roach  
  94  8:07  Roach x2  
  94  8:08  Roach x3  
  94  8:10  Roach  
  94  8:11  Roach  
  106  8:29  Infestor x4  
  106  8:30  Infestor  
  106  8:31  Hatchery  
  106  8:33  Ravager x2  
  106  8:34  Ravager x3  
  120  8:41  Overlord x3  
  120  8:44  Drone  
  121  8:56  Ultralisk Cavern  
  120  9:06  Drone x3  
  123  9:11  Extractor  
  116  9:32  Roach x3  
  116  9:33  Roach x2  
Tags
 
Add a new tag
Caveats
  • Supply blocks, unpowered buildings, or Contaminate may cause inaccurate times.
  • Supply counts are checked every 10 seconds.